 Dungeon Crawl Stone Soup version 0.25.0-9-g26727b657a (webtiles) character file.

Game seed: 13611963372612810494

120 Esekla the Grave Robber (level 5, -1/39 HPs)
             Began as a Barachi Necromancer on June 20, 2020.
             Slain by an orc
             ... wielding a +0 flail
              (10 damage)
             ... on level 3 of the Dungeon.
             The game lasted 00:17:49 (2660 turns).

Esekla the Grave Robber (Barachi Necromancer)       Turns: 2660, Time: 00:17:49

Health: -1/39      AC:  2    Str: 10    XL:     5   Next: 4%
Magic:  0/9        EV: 17    Int: 15    God:
Gold:   91         SH:  0    Dex: 13    Spells: 6/10 levels left

rFire    . . .     SeeInvis .   d - +0 dagger
rCold    . . .     Gourm    .   (no shield)
rNeg     . . .     Faith    .   a - +0 robe
rPois    .         Spirit   .   (no helmet)
rElec    .         Reflect  .   (no cloak)
rCorr    .         Harm     .   (no gloves)
MR       .....                  (no boots)
Stlth    +.........             (no amulet)
HPRegen  0.13/turn              e - +4 ring of evasion
MPRegen  0.11/turn              h - ring of attention (curse)

@: very slightly contaminated, slow
A: +LOS, swims, slowness 1, strong legs 1
a: Hop


You were on level 3 of the Dungeon.
You were very hungry.

You visited 1 branch of the dungeon, and saw 3 of its levels.

You collected 91 gold pieces.

Inventory:

Hand Weapons
 d - a +0 dagger (weapon)
Armour
 a - a +0 robe (worn)
Jewellery
 e - a +4 ring of evasion (left hand)
 h - a cursed ring of attention (right hand)
 k - an uncursed ring of protection from cold
Scrolls
 i - a scroll of identify {unknown}
 j - a scroll of amnesia {unknown}
 l - a scroll of noise {unknown}
 m - a scroll of enchant armour {unknown}
Comestibles
 c - 8 rations


   Skills:
 * Level 2.7 Fighting
 + Level 1.6 Short Blades
 + Level 3.0 Dodging
 - Level 1.7 Stealth
 + Level 3.3 Spellcasting
 + Level 3.8 Necromancy


You had 6 spell levels left.
You knew the following spells:

 Your Spells              Type           Power        Failure   Level  Hunger
a - Pain                  Necr           ##..         4%          1    #......
d - Vampiric Draining     Necr           ##........   12%         3    ###....

Your spell library contained the following spells:

 Spells                   Type           Power        Failure   Level  Hunger
 Animate Skeleton         Necr           N/A          4%          1    #......
 Animate Dead             Necr           N/A          38%         4    #####..
 Agony                    Necr           ##......     75%         5    ######.


Dungeon Overview and Level Annotations

Branches:
Dungeon (3/15)

Altars:
Gozag
Qazlal


Innate Abilities, Weirdness & Mutations

You can be seen from farther away. (+LOS)
You can swim through water.
You cover ground slowly.
You can hop short distances.


Message History

Aim: an orc, wielding a +0 flail, wearing a +0 scale mail and quivering 5 boomerangs (heavily wounded) There's nothing close enough!
The orc hits you with a +0 flail!
* * * LOW HITPOINT WARNING * * *
Press: ? - help, v - describe, . - travel, g - get item A cursed +0 leather armour.
There is something else lying underneath.
The floor, spattered with blood.
Unknown command.
You hit the orc but do no damage.
The orc is moderately wounded.
The orc closely misses you.
You hit the orc but do no damage.
The orc is moderately wounded.
The orc completely misses you.
You hit the orc.
The orc is heavily wounded.
You hit the orc but do no damage.
The orc is heavily wounded.
The orc hits you with a +0 flail!
You die...

#####.#..####
............#
.§..........#
..≈≈≈§≈.≈≈..#
.§≈≈§≈≈≈§≈..# ###
.≈≈≈≈≈§≈§≈..####.##
..§≈§§⌠§§§≈.......#
≈..≈§>.≈§§≈≈####.##
...§≈≈≈≈≈.§r# #@#
.≈§≈≈≈≈≈≈...# #o#
.§≈≈≈......# #o#
...$...... #.#
§...l..... #.#
###....... #.#
....... #.. #(( ...


You could see 2 orcs.

Vanquished Creatures
  An orc wizard (D:3)
  2 adders (D:2)
  2 dart slugs
  3 leopard geckos
  5 orcs (D:3)
  3 giant cockroaches
  10 goblins
  5 hobgoblins
  6 kobolds
  A quokka (D:2)
  12 bats
  5 frilled lizards
  11 rats
66 creatures vanquished.

Notes
Turn   | Place    | Note
-------+----------+-------------------------------------------
     0 | D:1      | Esekla the Barachi Necromancer began the quest for the Orb.
     0 | D:1      | Reached XP level 1. HP: 13/13 MP: 3/3
    51 | D:1      | Reached skill level 1 in Fighting
   383 | D:1      | Reached XP level 2. HP: 21/21 MP: 3/5
  1003 | D:2      | Reached XP level 3. HP: 27/27 MP: 5/7
  1172 | D:1      | Learned a level 3 spell: Vampiric Draining
  1698 | D:2      | Reached XP level 4. HP: 30/33 MP: 8/8
  1831 | D:2      | Reached skill level 1 in Short Blades
  1859 | D:3      | Found a stormy altar of Qazlal.
  2206 | D:2      | Found an opulent altar of Gozag.
  2623 | D:3      | Reached XP level 5. HP: 38/39 MP: 2/9
  2660 | D:3      | Slain by an orc

Illustrated notes

Levels and vault maps discovered:
D:1:      eino_arrival_water_star, layout_rooms, minmay_vboxes
D:2:      layout_basic, lemuel_crystal_altar, first_ration
D:3:      layout_loops_corners, nicolae_qazlal_general_emergency

Skill      XL: |  1  2  3  4 |
---------------+-------------+-----
Fighting       | 1 2 |  2.7
Spellcasting   | 3 |  3.3
Short Blades   | 1 |  1.6
Dodging        | 3 |  3.0
Stealth        | |  1.7
Necromancy     | |  3.8

Action                   |  1- 3 |  4- 6 || total
-------------------------+-------+-------++-------
Melee: Dagger            |   138 |   147 ||   285
Throw: Javelin           |       |     2 ||     2
 Cast: Pain              |    34 |       ||    34
       Vampiric Draining |     6 |     7 ||    13
 Abil: Hop               |       |     1 ||     1
  Use: Potion            |       |     2 ||     2
 Stab: Sleeping          |     2 |       ||     2
  Eat: Chunk             |     3 |     4 ||     7
Armor: Robe              |    27 |    27 ||    54
Dodge: Dodged            |   151 |   178 ||   329
